 Dungeon Crawl Stone Soup version 0.32-a0-953-g508020473e (webtiles) character file.

Game seed: 5283857604945077984

1162 Autsider the Cutter (level 8, -4/44 HPs)
             Began as a Vine Stalker Warper on Apr 16, 2024.
             Was an Initiate of Elyvilon.
             Succumbed to a kobold brigand's poison
             ... on level 5 of the Dungeon.
             The game lasted 00:11:30 (3549 turns).

Autsider the Cutter (Vine Stalker Warper)           Turns: 3549, Time: 00:11:31

Health: -4/44      AC: 15    Str: 15    XL:     8   Next: 39%
Magic:  15/15      EV:  3    Int: 13    God:    Elyvilon [......]
Gold:   220        SH:  0    Dex: 15    Spells: 11/15 levels left

rFire   . . .        e - +2 dagger (venom)
rCold   . . .        (no shield)
rNeg    . . .        b - +4 plate armour
rPois   .            o - +0 helmet
rElec   .            (no cloak)
rCorr   .            (no gloves)
SInv    .            (no boots)
Will    +....        (no amulet) Stlth
                     (no ring)
HPRegen 1.07/turn    (no ring)
MPRegen 0.14/turn

%: guardian spirit
@: mighty, lethally poisoned (-4 -> -26)
A: fangs 3, regeneration 1, magic shield, antimagic bite, no potion heal 2
a: Renounce Religion


You were on level 5 of the Dungeon.
You worshipped Elyvilon.
Elyvilon was noncommittal.
You visited 2 branches of the dungeon, and saw 6 of its levels.

You collected 220 gold pieces.

Inventory:

Hand Weapons
 e - a +2 dagger of venom (weapon)
 z - a +2 short sword of venom
Missiles
 d - 7 darts of dispersal (quivered)
 f - 12 poisoned darts
 t - 3 javelins
Armour
 b - a +4 plate armour (worn)
 l - a +0 ring mail
 o - a +0 helmet (worn)
Magical Staves
 x - the staff of the Hills {rF+ rC+ Fire Ice}
   (You found it on level 5 of the Dungeon)

   [staff of cold]

   Base accuracy: +5 Base damage: 5 Base attack delay: 1.2 This weapon's minimum
   attack delay (0.6) is reached at skill level 12.
   rF+:       It protects you from fire.
   rC+:       It protects you from cold.
   Fire:      It increases the power of your Fire spells.
   Ice:       It increases the power of your Ice spells.
   It falls into the 'Staves' category.
   It is a one-handed weapon.
Jewellery
 r - a ring of flight
Wands
 y - a wand of flame (7)
Scrolls
 a - 2 scrolls of teleportation {@r2}
 c - a scroll of enchant armour {unknown}
 g - 2 scrolls of identify {@r1}
 k - 2 scrolls of fear
 m - a scroll of vulnerability {unknown}
 q - a scroll of enchant weapon
 w - a scroll of butterflies {unknown}
Potions
 i - 4 potions of enlightenment
 j - 2 potions of haste
 n - a potion of brilliance {unknown}
 p - a potion of heal wounds {unknown}
 s - a potion of lignification {unknown}
 u - a potion of mutation {unknown}
 v - a potion of curing {unknown}


   Skills:
 + Level 5.4 Fighting
 + Level 5.4 Short Blades
 - Level 0.8 Throwing
 - Level 0.7 Armour
 - Level 1.5 Dodging
 - Level 4.0 Stealth
 - Level 4.0 Spellcasting
 - Level 4.0 Translocations


You had 11 spell levels left.
You knew the following spells:

 Your Spells              Type           Power      Damage    Failure   Level
a - Lesser Beckoning      Tloc           26%        N/A       99%         2
z - Blink                 Tloc           26%        N/A       99%         2

Your spell library contained the following spells:

 Spells                   Type           Power      Damage    Failure   Level
 Magic Dart               Conj           8%         1d3       100%        1
 Call Imp                 Summ           4%         N/A       100%        2
 Maxwell's Portable Pile  Tloc           13%        2d(6-17)  100%        3
 Teleport Other           Tloc           13%        N/A       100%        3
 Vhi's Electric Charge    Tloc/Air       14%        N/A       100%        4


Dungeon Overview and Level Annotations

Branches:
Dungeon (5/15)             Temple (1/1) D:4

Altars:
Ashenzari
Cheibriados
Dithmenos
Elyvilon
Gozag
Makhleb
Ru
Sif Muna
Wu Jian
Xom
The Shining One

Annotations:
D:4 exclusion: downstairs


Innate Abilities, Weirdness & Mutations

You have razor-sharp teeth.
Your natural rate of healing is unusually fast.
When hurt, damage is shared between your health and your magic reserves.
Your bite disrupts and absorbs the magic of your enemies.
Potions cannot restore your health.


Message History

You hit the kobold brigand.
The kobold brigand looks as sick as possible!
The kobold brigand is moderately wounded.
You feel very sick.
The kobold brigand hits you with a +2 dagger of venom.
* * * LOW HITPOINT WARNING * * *
You are more poisoned.
You hit the kobold brigand.
The kobold brigand looks as sick as possible!
You bite the kobold brigand! You drain its power.
You feel invigorated.
The kobold brigand is severely wounded.
* * * LOW HITPOINT WARNING * * *
You feel very sick.
Unknown command.
You hit the kobold brigand but do no damage.
The kobold brigand looks as sick as possible!
Your bite misses the kobold brigand.
The kobold brigand is severely wounded.
* * * LOW HITPOINT WARNING * * *
You feel very sick.
The kobold brigand hits you but does no damage.
You are lethally poisoned!
You closely miss the kobold brigand.
The kobold brigand is severely wounded.
* * * LOW HITPOINT WARNING * * *
You feel extremely sick.
The kobold brigand hits you but does no damage.
You are more poisoned.
Okay, then.
Aiming: Throw Flame
Press: ? - help, Shift-Dir - straight line, f - kobold brigand
Aim: a kobold brigand, wielding a +2 dagger of venom and quivering poisoned darts (severely wounded, extremely poisoned, 60% to hit)
The puff of flame hits the kobold brigand!
The kobold brigand is almost dead.
* * * LOW HITPOINT WARNING * * *
You feel extremely sick.
The kobold brigand hits you but does no damage.
It was a potion of might.
You feel very mighty all of a sudden.
You die...

#############
#......KK@.<#
#.#########.#
#.#######.#.#
#.#.......#.#
#)#.#####.#.#
#†#.#####.#.#
#Y#.....#.#.#
########K#.###.#...#
...................#


You could see a kobold brigand (extremely poisoned) and a kobold.

Vanquished Creatures
  An orc warrior (D:5)
  3 ice beasts (D:5)
  An ogre (D:5)
  A phantom (D:5)
  A scorpion (D:5)
  3 killer bees (D:5)
  A howler monkey (D:5)
  2 hounds
  A bombardier beetle (D:3)
  A sleepcap (D:5)
  Terence (D:3)
  An orc wizard (D:5)
  Natasha (D:2)
  An iguana (D:5)
  Robin (D:3)
  6 adders
  2 gnolls (D:1)
  2 dart slugs
  9 orcs (D:5)
  6 endoplasms
  A giant cockroach (D:4)
  16 goblins
  9 hobgoblins
  9 jackals
  5 quokkas
  12 ball pythons
  4 bats
  5 frilled lizards
  9 kobolds
  5 rats
120 creatures vanquished.

Notes
Turn   | Place    | Note
-------+----------+-------------------------------------------
     0 | D:1      | Autsider the Vine Stalker Warper began the quest for the
                  | Orb.
     0 | D:1      | Reached XP level 1. HP: 11/11 MP: 4/4
    31 | D:1      | You fall into a shaft and drop 1 floor!
    49 | D:1      | Reached XP level 2. HP: 15/15 MP: 4/6
   143 | D:1      | Reached skill level 1 in Stealth
   257 | D:1      | Reached XP level 3. HP: 10/18 MP: 3/7
   787 | D:1      | Learned a level 2 spell: Blink
   790 | D:1      | Learned a level 2 spell: Lesser Beckoning
   848 | D:2      | Noticed Natasha
   854 | D:2      | Reached XP level 4. HP: 19/23 MP: 9/9
   887 | D:2      | Killed Natasha
  1460 | D:3      | Reached XP level 5. HP: 27/27 MP: 10/10
  1520 | D:3      | Noticed Robin
  1566 | D:3      | Killed Robin
  1911 | D:3      | Noticed Terence
  1924 | D:3      | Killed Terence
  2172 | D:4      | Reached XP level 6. HP: 31/32 MP: 10/12
  2320 | D:4      | Found an opulent altar of Gozag.
  2635 | D:4      | Found a staircase to the Ecumenical Temple.
  2720 | Temple   | Entered the Ecumenical Temple
  2731 | Temple   | Became a worshipper of Elyvilon the Healer
  2757 | D:5      | Entered Level 5 of the Dungeon
  2776 | D:5      | Noticed an orc warrior
  2877 | D:5      | Killed an orc warrior
  2915 | D:5      | Noticed an ice beast
  3003 | D:5      | Reached XP level 7. HP: 28/36 MP: 13/13
  3177 | D:5      | Identified the staff of the Hills {rF+ rC+ Fire Ice}
  3268 | D:5      | Gained mutation: You have razor-sharp teeth. [Vine Stalker
                  | growth]
  3268 | D:5      | Reached XP level 8. HP: 33/42 MP: 10/15
  3398 | D:5      | Reached skill level 5 in Fighting
  3398 | D:5      | Reached skill level 5 in Short Blades
  3548 | D:5      | HP: 2/44 [poisoned by a kobold brigand]
  3549 | D:5      | Succumbed to a kobold brigand's poison

Illustrated notes

Levels and vault maps discovered:
D:1:      sevenhm_arrival_forest_fort_small_3, layout_basic
D:2:      layout_basic, uniq_natasha
D:3:      layout_basic, uniq_terence, uniq_robin
D:4:      layout_basic, grunt_gozag_statues, minmay_temple_entry_enclosed_plants
D:5:      layout_basic, grunt_tough_drop
Temple:   hellmonk_temple_flake

Skill      XL: |  1  2  3  4  5  6  7  8 |
---------------+-------------------------+-----
Fighting       | 2 3 4 5 |  5.4
Short Blades   | 2 3 4 5 |  5.4
Stealth        | 1 2 3 4 |  4.0
Spellcasting   | 3 4 |  4.0
Translocations | 4 |  4.0
Throwing       | |  0.8
Armour         | |  0.7
Dodging        | |  1.5

Action                     |  1- 3 |  4- 6 |  7- 9 || total
---------------------------+-------+-------+-------++-------
  Melee: Short sword       |    11 |       |       ||    11
         Bite              |    15 |    53 |    45 ||   113
         Dagger            |    64 |   224 |   144 ||   432
  Throw: Dart              |       |     3 |       ||     3
  Evoke: Wand              |       |       |     1 ||     1
    Use: Scroll            |       |     7 |       ||     7
         Potion            |       |       |     1 ||     1
   Stab: Sleeping          |       |     1 |       ||     1
 Armour: Leather armour    |    39 |       |       ||    39
         Ring mail         |     3 |    68 |       ||    71
         Plate armour      |       |   120 |   131 ||   251
  Dodge: Dodged            |    35 |    68 |    21 ||   124

Table legend: (Time is in decaauts)
 A = Elapsed time spent in this place.
 B = Non-inter-level travel time spent in this place.
 C = Inter-level travel time spent in this place.
 D = Time resting spent in this place.
 E = Time spent auto-exploring this place.
 F = Levels seen in this place.
 G = Mean time per level.
                   A        B        C        D        E       F      G
               +--------+--------+--------+--------+--------+-----+--------+
         Total |   3479 |   3282 |    197 |    148 |   2172 |   6 |  579.8 |
       Dungeon |   3456 |   3280 |    176 |    148 |   2172 |   5 |  691.2 |
        Temple |     22 |      1 |     21 |      0 |      0 |   1 |   22.0 |
               +--------+--------+--------+--------+--------+-----+--------+

Top non-repeatable levels by time:
     D:3: 807 daAuts
     D:1: 782 daAuts
     D:4: 755 daAuts
     D:5: 623 daAuts
     D:2: 487 daAuts
  Temple: 22 daAuts
